[Event "Titled Tuesday Blitz December 13 Late 2022"]
[White "Levine, David"]
[Black "Karas, Marek"]
[WhiteFideId "2011611"]
[BlackFideId "14928558"]
[WhiteElo "2148"]
[BlackElo "2247"]
[Result "0-1"]
[Round "02"]
[TimeControl "180+1"]
[Date "2022.12.14"]
[WhiteClock "0:00:42"]
[BlackClock "0:01:14"]

1. d4 Nf6 2. c4 c5 3. d5 b5 4. cxb5 a6 5. f3 g6 6. e4 d6 7. Nc3 Bg7 8. a4 O-O 9. bxa6 Bxa6 10. Bxa6 Nxa6 11. Nge2 Qb6 12. O-O Rfb8 13. Kh1 Ne8 14. a5 Qb7 15. Qe1 Nec7 16. Qh4 e6 17. dxe6 Nxe6 18. Nd5 Qb5 19. Rf2 Nb4 20. Nec3 Qe8 21. Bh6 Qd8 22. Qxd8+ Nxd8 23. Bxg7 Kxg7 24. Rd2 Nbc6 25. Kg1 Rxa5 26. Rxa5 Nxa5 27. Ne3 Nab7 28. Nb5 Ne6 29. Nxd6 Nxd6 30. Rxd6 Rxb2 31. Nd5 h5 32. h4 c4 33. Rc6 Rb1+ 34. Kh2 Rc1 35. Kg3 Nd4 36. Kf4 Nxc6 0-1


[Site "https://www.chess.com"]

[Event "Titled Tuesday Blitz December 13 Late 2022"]
[White "Liu, Casper"]
[Black "Petrovic, Aleksa"]
[WhiteFideId "1454153"]
[BlackFideId "967629"]
[WhiteElo "2217"]
[BlackElo "2230"]
[Result "1/2-1/2"]
[Round "02"]
[TimeControl "180+1"]
[Date "2022.12.14"]
[WhiteClock "0:00:16"]
[BlackClock "0:00:12"]

1. g3 d5 2. Bg2 Nf6 3. b3 c6 4. Bb2 Bg4 5. Nf3 e6 6. O-O Be7 7. d3 O-O 8. Nbd2 Nbd7 9. e4 a5 10. Qe2 a4 11. h3 Bh5 12. g4 Bg6 13. e5 Ne8 14. Rae1 axb3 15. axb3 Ra2 16. Rb1 Ba3 17. Bxa3 Rxa3 18. Ra1 Qa5 19. Rxa3 Qxa3 20. Nh4 Qb2 21. f4 h6 22. f5 Bh7 23. fxe6 fxe6 24. Rxf8+ Kxf8 25. Ndf3 g5 26. Qf2 Kg7 27. Nd4 gxh4 28. Nxe6+ Kg8 29. Qxh4 Qxe5 30. Qe7 Qe1+ 31. Bf1 Qg3+ 32. Kh1 Qd6 33. Qxe8+ Nf8 34. Nxf8 Qxf8 35. Qe6+ Kg7 36. Bg2 Bg6 37. Qe5+ Kh7 38. Kh2 Qf7 39. Kg3 Qd7 40. Bf3 Qf7 41. h4 Qg7 42. Qd6 h5 43. g5 Qf7 44. Qf4 Kg7 45. Qe5+ Kg8 46. Qb8+ Kg7 47. Qe5+ Kg8 48. Qe2 Kg7 49. c4 Qc7+ 50. Kg2 dxc4 51. dxc4 Qf4 52. Qe7+ Kg8 53. Qe6+ Kg7 54. Qd7+ Bf7 55. Bxh5 Qe4+ 56. Bf3 Qxh4 57. Qg4 Qxg4+ 58. Bxg4 Kg6 59. Bc8 b6 60. Bb7 c5 61. Bd5 Be8 62. Kf3 Kxg5 63. Ke4 Kf6 64. Bb7 Ke6 65. Bc8+ Kd6 66. Bf5 Bf7 67. Bh7 Bh5 68. Bf5 Bd1 69. Kd3 Bxb3 70. Kc3 Bd1 71. Be4 Bg4 72. Ba8 Be6 73. Bh1 Ke5 74. Ba8 Kf4 75. Bh1 Ke3 76. Ba8 Bf5 77. Bc6 Be4 78. Bb5 Kf4 79. Ba6 Ke5 80. Bb5 Kd6 81. Ba6 Bc6 82. Kd3 Kc7 83. Kc3 Bb7 84. Bb5 Kb8 85. Bd7 Ka7 86. Bb5 Ba6 87. Bc6 Kb8 88. Bd7 Kc7 89. Ba4 Bb7 90. Bb5 Bc6 91. Ba6 Kb8 92. Kd3 Ka7 93. Bc8 Bb7 94. Bd7 Ka6 95. Bb5+ Ka5 96. Kc3 Ba6 97. Bc6 Bc8 98. Be8 Be6 99. Bc6 Bc8 100. Be8 Ba6 101. Bc6 b5 102. cxb5 Bxb5 103. Bxb5 Kxb5 104. Kb3 c4+ 105. Kc3 Kc5 106. Kc2 Kb4 107. Kb2 c3+ 108. Kc2 Kc4 109. Kc1 Kb3 110. Kb1 c2+ 111. Kc1 Kc3 1/2-1/2


[Site "https://www.chess.com"]

[Event "Titled Tuesday Blitz December 13 Late 2022"]
[White "Liu, Kelsey"]
[Black "Cruz, William Ferreira Da"]
[WhiteFideId "30944481"]
[BlackFideId "2118050"]
[WhiteElo "2261"]
[BlackElo "2223"]
[Result "1-0"]
[Round "02"]
[TimeControl "180+1"]
[Date "2022.12.14"]
[WhiteClock "0:00:46"]
[BlackClock "0:00:18"]

1. e4 e6 2. d4 d5 3. Nc3 Nf6 4. Bg5 dxe4 5. Nxe4 Be7 6. Bxf6 gxf6 7. Nf3 f5 8. Ng3 a6 9. Bd3 b5 10. c3 Bb7 11. Qe2 Nd7 12. Rg1 Nf6 13. Ne5 c5 14. O-O-O cxd4 15. cxd4 h5 16. h4 Ng4 17. Kb1 Nxe5 18. dxe5 Qb6 19. Nxh5 O-O-O 20. g3 Rxd3 21. Rxd3 Be4 22. Nf4 Rd8 23. Rd1 Rxd3 24. Nxd3 Bc5 25. f3 Bxd3+ 26. Qxd3 a5 27. Qd7+ Kb8 28. Qd8+ Kb7 29. Rd7+ Kc6 30. Qc8+ 1-0


[Site "https://www.chess.com"]

[Event "Titled Tuesday Blitz December 13 Late 2022"]
[White "Maksimovic, Bojan"]
[Black "Andrews, Todd"]
[WhiteFideId "14408120"]
[BlackFideId "2012456"]
[WhiteElo "2462"]
[BlackElo "2346"]
[Result "0-1"]
[Round "02"]
[TimeControl "180+1"]
[Date "2022.12.14"]
[WhiteClock "0:00:03"]
[BlackClock "0:00:17"]

1. e4 e6 2. d4 d5 3. Nc3 Bb4 4. e5 c5 5. a3 Bxc3+ 6. bxc3 Ne7 7. Nf3 Qc7 8. Be2 Bd7 9. a4 Nbc6 10. O-O O-O 11. Ba3 cxd4 12. cxd4 Rae8 13. Qd2 f6 14. Bd6 Qc8 15. Rab1 fxe5 16. Nxe5 Nxe5 17. dxe5 Rf7 18. Bd3 Bxa4 19. Qa5 Bc6 20. Qxa7 Nf5 21. Bxf5 Rxf5 22. Qd4 Qd7 23. Ra1 Qf7 24. Ra3 Rf4 25. Qd2 d4 26. Rg3 Ra8 27. c3 dxc3 28. Qxc3 h5 29. Qe3 Ra2 30. h3 Qf5 31. Qb6 h4 32. Qd8+ Kh7 33. Rg5 Rfxf2 34. Rh5+ Kg6 35. Qg5+ Qxg5 36. Rxg5+ Kxg5 37. Rxf2 Rxf2 38. Kxf2 Kf5 39. Bf8 g6 40. Be7 Kxe5 41. Bxh4 b5 42. Bg3+ Kd4 43. Bf4 b4 44. Bc1 b3 45. Bb2+ Ke4 46. Ke2 e5 47. g4 Kf4 48. h4 e4 49. g5 Kg4 50. Ke3 Kxh4 51. Kf4 Kh3 52. Bd4 Kg2 53. Kg4 e3 54. Bxe3 b2 55. Bd4 b1=Q 56. Kf4 Qe4# 0-1


[Site "https://www.chess.com"]

[Event "Titled Tuesday Blitz December 13 Late 2022"]
[White "Malka, Samuel"]
[Black "Andreassen, Lars"]
[WhiteFideId "20643675"]
[BlackFideId "1504878"]
[WhiteElo "2435"]
[BlackElo "2119"]
[Result "1-0"]
[Round "02"]
[TimeControl "180+1"]
[Date "2022.12.14"]
[WhiteClock "0:00:14"]
[BlackClock "0:00:10"]

1. d4 d5 2. c4 e6 3. Nf3 Nf6 4. g3 c5 5. cxd5 cxd4 6. dxe6 Bxe6 7. Qxd4 Nbd7 8. Bg2 Bc5 9. Qh4 Qb6 10. O-O h6 11. Nc3 Ng4 12. Ne4 Be7 13. Bg5 f6 14. Qh5+ Kf8 15. Bd2 f5 16. Neg5 Bg8 17. Nh4 hxg5 18. Ng6+ Ke8 19. Nxh8+ Kd8 20. Nf7+ Kc7 21. Rac1+ Kb8 22. Qh8 Ngf6 23. Bxg5 a5 24. Qxg7 Bxf7 25. Qxf7 Bc5 26. h4 Ka7 27. h5 Bxf2+ 28. Rxf2 Ng4 29. Rf1 Nde5 30. Qxf5 Nxf2 31. Qxf2 Rg8 32. Be3 1-0


[Site "https://www.chess.com"]

[Event "Titled Tuesday Blitz December 13 Late 2022"]
[White "Marcolino, Daniel Mattos"]
[Black "Dzierzak, Radoslaw"]
[WhiteFideId "2106841"]
[BlackFideId "1161407"]
[WhiteElo "2137"]
[BlackElo "2111"]
[Result "0-1"]
[Round "02"]
[TimeControl "180+1"]
[Date "2022.12.14"]
[WhiteClock "0:00:07"]
[BlackClock "0:00:09"]

1. d4 Nf6 2. Nf3 e6 3. g3 d5 4. Bg2 c5 5. O-O cxd4 6. Nxd4 e5 7. Nb3 Be6 8. Nc3 Nc6 9. e4 d4 10. Na4 b6 11. c3 d3 12. Bg5 Be7 13. Nc1 b5 14. Bxf6 gxf6 15. Nxd3 bxa4 16. Qxa4 Qc7 17. f4 O-O 18. f5 Bd7 19. Qd1 Kh8 20. Nf2 Bc5 21. Qh5 a5 22. Kh1 Bxf2 23. Rxf2 Qb6 24. Rd2 Rad8 25. Rad1 Qc7 26. Rd6 Bc8 27. Rxd8 Rxd8 28. Rxd8+ Qxd8 29. h4 Qg8 30. Kh2 Ba6 31. Qd1 Qd8 32. Qa4 Qd6 33. Qb3 Kg7 34. Qb6 Be2 35. Qe3 Qd3 36. Qc1 Nd8 37. b4 axb4 38. cxb4 Nb7 39. a4 Nd6 40. a5 Nxe4 41. Qe1 Nd2 42. Qf2 Bf3 43. Bxf3 Nxf3+ 44. Kg2 Nd4 45. a6 Qxa6 46. Qe3 Qb7+ 47. Kh3 Qxb4 48. g4 Qb3 49. Qxb3 Nxb3 0-1


[Site "https://www.chess.com"]

[Event "Titled Tuesday Blitz December 13 Late 2022"]
[White "Martinez Ramirez, Lennis"]
[Black "Remizov, Yaroslav"]
[WhiteFideId "3509079"]
[BlackFideId "34134015"]
[WhiteElo "2439"]
[BlackElo "2415"]
[Result "0-1"]
[Round "02"]
[TimeControl "180+1"]
[Date "2022.12.13"]
[WhiteClock "0:00:19"]
[BlackClock "0:00:17"]

1. Nf3 d5 2. c4 d4 3. b4 g5 4. Qb3 Bg7 5. Nxg5 e5 6. Qg3 Qf6 7. d3 Ne7 8. Ne4 Qg6 9. Qxg6 hxg6 10. g3 f5 11. Ng5 c5 12. bxc5 Na6 13. Ba3 Bf6 14. Nf3 Bd7 15. Bg2 O-O-O 16. Nbd2 g5 17. Nb3 g4 18. Nfd2 Bc6 19. Bxc6 Nxc6 20. O-O Rh3 21. f3 Bg5 22. Kg2 Rdh8 23. Rh1 gxf3+ 24. Nxf3 Be3 25. Nh4 R3xh4 26. gxh4 Rxh4 27. h3 Nc7 28. Bc1 f4 29. Bxe3 dxe3 30. Rag1 Ne6 31. Kf1 a5 32. Rg4 Rh5 33. a4 Ncd4 34. Nxd4 Nxd4 35. h4 Nf5 36. Kg2 Kd7 37. Kf3 Nd4+ 38. Ke4 Nxe2 39. Rb1 Nc3+ 40. Kf3 Nxb1 41. Rg6 Nd2+ 42. Kg4 Rh7 43. Rd6+ Kc7 44. Re6 f3 45. Rxe5 f2 46. Rf5 e2 47. Rxf2 e1=Q 48. Rf4 Rg7+ 49. Kf5 Qe7 50. h5 Rg5# 0-1


[Site "https://www.chess.com"]

[Event "Titled Tuesday Blitz December 13 Late 2022"]
[White "Martinez Reyes, Pedro Ramon"]
[Black "Freile Martin, Javier"]
[WhiteFideId "3901807"]
[BlackFideId "3600165"]
[WhiteElo "2354"]
[BlackElo "2352"]
[Result "1/2-1/2"]
[Round "02"]
[TimeControl "180+1"]
[Date "2022.12.14"]
[WhiteClock "0:00:40"]
[BlackClock "0:00:32"]

1. e4 c5 2. Nf3 d6 3. b3 Nf6 4. Bb5+ Nbd7 5. d3 e6 6. O-O Be7 7. Bb2 O-O 8. Bxd7 Bxd7 9. e5 dxe5 10. Nxe5 Be8 11. Qf3 Qc7 12. Nd2 Rd8 13. a4 Rd5 14. Ndc4 Nd7 15. Rfe1 Nxe5 16. Bxe5 Qd8 17. Qg3 f6 18. Bc3 e5 19. f4 exf4 20. Qxf4 Bc6 21. Re6 Rg5 22. Rxc6 bxc6 23. Re1 Bd6 24. Qe4 Rd5 25. Ne3 Be5 26. Qc4 Bxc3 27. Qxc3 Re5 28. Nc4 Rxe1+ 29. Qxe1 Re8 30. Qf2 Qd5 31. h3 h5 32. Qh4 Re2 33. Qg3 Rxc2 34. Kh2 Rc3 35. Qg6 Qxd3 36. Qe8+ Kh7 37. Qxh5+ Kg8 38. Qe8+ Kh7 39. Qh5+ Kg8 40. Qe8+ Kh7 41. Qh5+ 1/2-1/2


[Site "https://www.chess.com"]

[Event "Titled Tuesday Blitz December 13 Late 2022"]
[White "Mazurkiewicz, Michal"]
[Black "Sariego Figueredo, Wilfredo"]
[WhiteFideId "1124943"]
[BlackFideId "3500080"]
[WhiteElo "2081"]
[BlackElo "2309"]
[Result "1-0"]
[Round "02"]
[TimeControl "180+1"]
[Date "2022.12.14"]
[WhiteClock "0:01:22"]
[BlackClock "0:00:01"]

1. e4 c5 2. Nf3 a6 3. g3 Nc6 4. Bg2 b5 5. O-O Bb7 6. d4 cxd4 7. Nxd4 e5 8. Nxc6 dxc6 9. Qe2 Bc5 10. a4 Nf6 11. c3 O-O 12. b4 Bb6 13. a5 Ba7 14. Be3 Bxe3 15. Qxe3 Qe7 16. Nd2 Rfd8 17. Nb3 Rd6 18. Rad1 Rad8 19. Rxd6 Qxd6 20. Qb6 Bc8 21. Nc5 Qd2 22. Bf3 Bh3 23. Bg2 Bxg2 24. Kxg2 Ng4 25. Nxa6 h5 26. h3 Nf6 27. Nc5 h4 28. g4 Rd6 29. a6 Nh5 30. gxh5 Qg5+ 31. Kh1 Qxh5 32. Qb8+ Kh7 33. Qxd6 Qf3+ 34. Kh2 Qf4+ 35. Kg2 Qg5+ 36. Kh1 Qf4 37. Qd3 1-0


[Site "https://www.chess.com"]

[Event "Titled Tuesday Blitz December 13 Late 2022"]
[White "Meduri, Aakaash"]
[Black "Domingo Nunez, Alejandro"]
[WhiteFideId "2032252"]
[BlackFideId "22245561"]
[WhiteElo "2113"]
[BlackElo "2242"]
[Result "0-1"]
[Round "02"]
[TimeControl "180+1"]
[Date "2022.12.14"]
[WhiteClock "0:00:43"]
[BlackClock "0:00:25"]

1. d4 g6 2. h4 Bg7 3. h5 c6 4. hxg6 hxg6 5. Rxh8 Bxh8 6. Nf3 d5 7. Bf4 Bf5 8. e3 Qb6 9. Qc1 Nd7 10. Nbd2 Rc8 11. c4 Ngf6 12. c5 Qd8 13. b4 Ne4 14. a4 f6 15. Nh4 e5 16. Bh2 Kf7 17. Be2 Be6 18. Nxe4 dxe4 19. dxe5 f5 20. g3 Nxe5 21. Ra3 Bf6 22. Ng2 Qg8 23. g4 Qh8 24. Bg1 Qh1 25. Kf1 fxg4 26. Nf4 Nf3 27. Bxf3 gxf3 28. Qc2 Rd8 0-1


[Site "https://www.chess.com"]

[Event "Titled Tuesday Blitz December 13 Late 2022"]
[White "Mendez Fortes, Eduardo Jesus"]
[Black "Ibarra Jerez, Jose Carlos"]
[WhiteFideId "3502376"]
[BlackFideId "2226332"]
[WhiteElo "2307"]
[BlackElo "2638"]
[Result "1-0"]
[Round "02"]
[TimeControl "180+1"]
[Date "2022.12.13"]
[WhiteClock "0:00:04"]
[BlackClock "0:00:02"]

1. e4 Nc6 2. Nf3 d6 3. Bb5 Nf6 4. Qe2 g6 5. d4 a6 6. Bxc6+ bxc6 7. c4 Bg7 8. Nc3 O-O 9. h3 Nd7 10. Be3 e5 11. O-O-O exd4 12. Bxd4 Bxd4 13. Nxd4 Bb7 14. h4 Re8 15. Qc2 Qf6 16. f3 Ne5 17. Nce2 c5 18. Nb3 a5 19. Kb1 a4 20. Nd2 Reb8 21. Nc3 Nc6 22. Nd5 Qd8 23. Qc3 Nd4 24. Nf1 Bxd5 25. cxd5 Ra6 26. Ne3 Rb4 27. Nc4 Qb8 28. Ka1 Nb5 29. Qc2 Nd4 30. Qc3 Nb5 31. Qc1 Qf8 32. a3 Rb3 33. Nd2 Nd4 34. Ka2 Rb8 35. Nc4 Qe8 36. h5 Qf8 37. hxg6 fxg6 38. Qg5 Ra7 39. e5 Qf5 40. Qxf5 Nxf5 41. g4 Nd4 42. exd6 cxd6 43. Nxd6 Nxf3 44. Ne4 c4 45. d6 Rf7 46. g5 Kg7 47. d7 Rd8 48. Nc5 Re7 49. Rd6 Ne5 50. Ne6+ Rxe6 51. Rxe6 Nf7 52. Rd1 Kf8 53. Rf6 Kg7 54. Rc6 Nxg5 55. Rc8 Nf7 56. Rxc4 h5 57. Rxa4 g5 58. Re4 h4 59. Re8 h3 60. Re3 g4 61. Rg3 Nh6 62. Rd4 Kf6 63. Rdxg4 Nxg4 64. Rxg4 Rh8 65. Rh4 Rd8 66. Rxh3 Rxd7 67. Rc3 Ke5 68. a4 Kd4 69. Ka3 Rh7 70. Rg3 Kc5 71. Rg5+ Kb6 72. Rg3 Rh4 73. b4 Rh1 74. Rg6+ Kb7 75. a5 Ra1+ 76. Kb3 Rh1 77. Ka4 Rh5 78. Rg4 Rh1 79. Rc4 Rg1 80. Kb5 Rg5+ 81. Rc5 Rg6 82. a6+ Kb8 83. Rc6 Rg8 84. Kb6 Ka8 85. b5 Rb8+ 86. Ka5 Rg8 87. Rd6 Rf8 88. Rd7 Rg8 89. Rh7 Rf8 90. b6 Rf5+ 91. Kb4 Rf8 92. Kb5 Rg8 93. Rh5 Rf8 94. Rd5 Rg8 95. a7 Rh8 96. Ka6 Rh6 97. Rd8# 1-0


[Site "https://www.chess.com"]

[Event "Titled Tuesday Blitz December 13 Late 2022"]
[White "Mickiewicz, Piotr"]
[Black "Janaszak, Dawid"]
[WhiteFideId "1114891"]
[BlackFideId "1119206"]
[WhiteElo "2246"]
[BlackElo "2220"]
[Result "1-0"]
[Round "02"]
[TimeControl "180+1"]
[Date "2022.12.14"]
[WhiteClock "0:00:06"]
[BlackClock "0:00:02"]

1. Nf3 c5 2. b3 Nc6 3. Bb2 d6 4. e3 e5 5. d3 Nf6 6. c4 Be7 7. Be2 O-O 8. O-O Bf5 9. Nc3 Re8 10. a3 Bf8 11. Nd2 a6 12. Qc2 h6 13. Nde4 Bh7 14. Nxf6+ Qxf6 15. Bf3 Qd8 16. Nd5 Rc8 17. b4 Nb8 18. bxc5 Rxc5 19. a4 Nd7 20. Qb3 Rc8 21. Ba3 b6 22. a5 bxa5 23. Rab1 Nc5 24. Bxc5 Rxc5 25. Be4 f5 26. Bf3 e4 27. dxe4 fxe4 28. Bg4 Qg5 29. Bd7 Rd8 30. Be6+ Kh8 31. Rfc1 Bg6 32. Qb6 Bh5 33. Nf4 Re8 34. Bd5 Kh7 35. Qxa6 Rec8 36. Ne6 Qg6 37. Rb7 Bf3 38. Nf4 Qg5 39. h4 Qg4 40. Rbb1 Qxh4 41. gxf3 exf3 42. Be4+ Kg8 43. Bxf3 Rg5+ 44. Ng2 Qh3 45. Bd5+ Kh7 46. Rb7 Rc5 47. Be4+ Kh8 48. Qa8 Rcf5 49. Rb8 Kh7 50. Rxf8 Rxg2+ 51. Bxg2 Qh4 52. Qe4 Qxe4 53. Bxe4 1-0


[Site "https://www.chess.com"]

[Event "Titled Tuesday Blitz December 13 Late 2022"]
[White "Mieles Palau, Daniel"]
[Black "Gerbelli Neto, Eduardo"]
[WhiteFideId "3600467"]
[BlackFideId "2103281"]
[WhiteElo "2344"]
[BlackElo "2178"]
[Result "1-0"]
[Round "02"]
[TimeControl "180+1"]
[Date "2022.12.14"]
[WhiteClock "0:01:11"]
[BlackClock "0:00:02"]

1. b3 e5 2. Bb2 d6 3. e3 Nc6 4. g3 f5 5. Bg2 Nf6 6. Ne2 Be7 7. O-O O-O 8. c4 Qe8 9. Nbc3 Qh5 10. Nd5 Bd8 11. d4 e4 12. Nef4 Qh6 13. Rc1 g5 14. Nxf6+ Bxf6 15. Nd5 Bd8 16. c5 Be6 17. Nxc7 Bxc7 18. d5 dxc5 19. dxc6 bxc6 20. Rxc5 Bd5 21. Qd4 Rae8 22. Rfc1 Be5 23. Qd2 Bxb2 24. Qxb2 f4 25. b4 fxe3 26. fxe3 g4 27. Qd4 a6 28. a4 Rf3 29. Bxf3 exf3 30. Qxg4+ Kh8 31. Qf4 Qh3 32. R1c2 Kg8 33. b5 Rf8 34. Qg5+ Kh8 35. Rf2 axb5 36. axb5 Ra8 37. Qe5+ Kg8 38. bxc6 Rf8 39. Qxd5+ 1-0


[Site "https://www.chess.com"]

[Event "Titled Tuesday Blitz December 13 Late 2022"]
[White "Mikhalsky, Vladimir"]
[Black "Young, Ryan"]
[WhiteFideId "14144352"]
[BlackFideId "2049945"]
[WhiteElo "2272"]
[BlackElo "2288"]
[Result "0-1"]
[Round "02"]
[TimeControl "180+1"]
[Date "2022.12.14"]
[WhiteClock "0:00:05"]
[BlackClock "0:00:10"]

1. c4 e6 2. g3 d5 3. Bg2 Nf6 4. Nf3 d4 5. O-O c5 6. e3 Nc6 7. exd4 cxd4 8. Re1 Be7 9. d3 O-O 10. Bf4 Nh5 11. Bd2 Nf6 12. Na3 Re8 13. Rb1 a5 14. Nb5 Qb6 15. b3 Bd7 16. Bf4 Rac8 17. Nd6 Bxd6 18. Bxd6 Nb4 19. c5 Qa6 20. a3 Nbd5 21. Nxd4 Nc3 22. Qd2 Nxb1 23. Rxb1 Bc6 24. Nxc6 bxc6 25. Be5 Nd5 26. Ba1 Qa7 27. Rc1 Rb8 28. Qb2 f6 29. Rc4 Qb7 30. b4 axb4 31. Bxd5 exd5 32. Rxb4 Qc7 33. Kg2 Rxb4 34. axb4 Ra8 35. Qd4 Ra2 36. Bc3 Qe7 37. b5 cxb5 38. Qxd5+ Qf7 39. Qd8+ Qf8 40. Qd5+ Qf7 41. Qe4 Ra7 42. c6 Rc7 43. Ba5 Rc8 44. c7 Qd7 45. Qb7 h6 46. h4 Re8 47. d4 Qc8 48. Qxc8 Rxc8 49. d5 Kf7 50. d6 Ke6 51. Bb4 Kd7 52. Kf3 Ra8 53. Ke3 Ra4 54. Bc3 b4 55. Bb2 Ra2 56. Bd4 Rc2 57. Kd3 Ra2 58. Kc4 Ra4 59. Kb3 Ra3+ 60. Kxb4 Rd3 61. Bc5 g5 62. hxg5 fxg5 63. Kc4 Rd1 64. Kc3 h5 65. Kc4 h4 66. gxh4 gxh4 67. f4 h3 68. f5 h2 69. f6 h1=Q 70. f7 Qd5+ 71. Kb5 Qxf7 72. Kb6 Qg8 73. Kb7 Qc8+ 74. Kb6 Rxd6+ 75. Bxd6 Kxd6 76. Kb5 Qxc7 0-1


[Site "https://www.chess.com"]

[Event "Titled Tuesday Blitz December 13 Late 2022"]
[White "Milikow, Yoav"]
[Black "Rodriguez Fontecha, Marcos"]
[WhiteFideId "2822237"]
[BlackFideId "2256576"]
[WhiteElo "2764"]
[BlackElo "2524"]
[Result "1-0"]
[Round "02"]
[TimeControl "180+1"]
[Date "2022.12.14"]
[WhiteClock "0:00:32"]
[BlackClock "0:00:03"]

1. c4 c6 2. Nf3 d5 3. d4 Nf6 4. g3 g6 5. Bg2 Bg7 6. O-O O-O 7. a4 a5 8. cxd5 cxd5 9. Qb3 Nc6 10. Nc3 Nb4 11. Bf4 Bf5 12. Rfc1 Rc8 13. Ne5 Be6 14. Nb5 Ne4 15. Rxc8 Qxc8 16. Rc1 Qd8 17. Nc7 Bc8 18. h4 e6 19. Nb5 Bd7 20. Nxd7 Qxd7 21. Rc7 Qd8 22. Rxb7 Nc6 23. e3 h6 24. Qc2 Nb4 25. Qc7 Qf6 26. Nc3 Nxf2 27. Kxf2 g5 28. hxg5 hxg5 29. Qxa5 Nd3+ 30. Ke2 gxf4 31. Kxd3 Qg6+ 32. Ke2 Qxg3 33. Bf3 fxe3 34. Nd1 Bxd4 35. Qe1 Qh2+ 36. Kd3 e5 37. Bxd5 Rc8 38. Nc3 Bxc3 39. bxc3 Qh7+ 40. Kxe3 Qh6+ 41. Ke2 Qa6+ 42. Kd2 Qh6+ 43. Qe3 Qxe3+ 44. Kxe3 Rxc3+ 45. Ke4 Ra3 46. Ra7 Kf8 47. Kxe5 Ke8 48. Kd6 Kf8 49. Rxf7+ Ke8 50. Rf4 Re3 51. Bc6+ 1-0


[Site "https://www.chess.com"]

[Event "Titled Tuesday Blitz December 13 Late 2022"]
[White "Miller, Luke C"]
[Black "Bernat, David"]
[WhiteFideId "2096935"]
[BlackFideId "2099225"]
[WhiteElo "2499"]
[BlackElo "2307"]
[Result "1-0"]
[Round "02"]
[TimeControl "180+1"]
[Date "2022.12.14"]
[WhiteClock "0:00:08"]
[BlackClock "0:00:04"]

1. e4 c5 2. Nf3 g6 3. d4 cxd4 4. Qxd4 Nf6 5. Nc3 Nc6 6. Qa4 d6 7. e5 dxe5 8. Nxe5 Bg7 9. Nxc6 bxc6 10. Qxc6+ Bd7 11. Qf3 Rb8 12. Bc4 O-O 13. O-O Qc7 14. Bb3 Bc6 15. Qg3 Qb7 16. Be3 a5 17. a4 Ne4 18. Nxe4 Bxe4 19. Rab1 Qc6 20. Rfc1 e6 21. f3 Bf5 22. Qf2 h5 23. h3 e5 24. g4 hxg4 25. hxg4 Be6 26. Bxe6 fxe6 27. Kg2 Qxa4 28. b3 Qc6 29. Bc5 Rf7 30. Re1 Rc8 31. b4 axb4 32. Bxb4 Qxc2 33. Rbd1 Qa4 34. Bd6 Rc2 35. Re2 Rxe2 36. Qxe2 Qf4 37. Re1 e4 38. Bxf4 Rxf4 39. fxe4 Bd4 40. Rf1 Rxf1 41. Kxf1 1-0


[Site "https://www.chess.com"]

[Event "Titled Tuesday Blitz December 13 Late 2022"]
[White "Miszler, Levente"]
[Black "Pace, Christopher"]
[WhiteFideId "763276"]
[BlackFideId "2610167"]
[WhiteElo "2176"]
[BlackElo "2275"]
[Result "0-1"]
[Round "02"]
[TimeControl "180+1"]
[Date "2022.12.14"]
[WhiteClock "0:00:14"]
[BlackClock "0:00:15"]

1. d4 Nf6 2. c4 e5 3. dxe5 Ng4 4. Nf3 Bc5 5. e3 Nc6 6. Nc3 O-O 7. Be2 Re8 8. O-O Ngxe5 9. b3 Nxf3+ 10. Bxf3 Ne5 11. Be2 a5 12. Bb2 Ra6 13. Nd5 Rh6 14. h3 d6 15. Bd4 Nc6 16. Bxc5 dxc5 17. Bg4 Bxg4 18. Qxg4 Ne5 19. Qf4 c6 20. Nc3 Rf6 21. Qh4 Nf3+ 22. gxf3 Rg6+ 23. Qg4 Rxg4+ 24. fxg4 Qf6 25. Ne2 Qf3 26. Ng3 Rd8 27. a3 Rd2 28. b4 axb4 29. axb4 g6 30. bxc5 h5 31. gxh5 gxh5 32. e4 h4 33. Ra8+ Kh7 34. Nf5 Qxh3 35. Rf8 Qg4+ 36. Kh1 Qxe4+ 37. Kh2 Qxf5 38. Rg1 Qxf2+ 39. Kh3 Qh2+ 40. Kg4 Qxg1+ 41. Kh5 Qg6+ 42. Kxh4 Rh2# 0-1


[Site "https://www.chess.com"]

[Event "Titled Tuesday Blitz December 13 Late 2022"]
[White "Moroni, Luca Jr"]
[Black "Pein, Jonathan"]
[WhiteFideId "865834"]
[BlackFideId "417092"]
[WhiteElo "2573"]
[BlackElo "2225"]
[Result "1-0"]
[Round "02"]
[TimeControl "180+1"]
[Date "2022.12.14"]
[WhiteClock "0:00:37"]
[BlackClock "0:00:12"]

1. d4 d6 2. e4 Nf6 3. Nc3 Nc6 4. Nf3 Bg4 5. d5 Ne5 6. Bb5+ c6 7. dxc6 Nxc6 8. h3 Bd7 9. O-O g6 10. Bg5 Bg7 11. Qd2 O-O 12. Bh6 Rc8 13. Bxg7 Kxg7 14. Rfe1 Qa5 15. Rad1 Rfd8 16. Bxc6 Bxc6 17. Nd4 Bd7 18. a3 b5 19. e5 dxe5 20. Rxe5 e6 21. Qe1 Be8 22. Rd3 a6 23. Qd2 Qc7 24. Re1 Bc6 25. Rd1 Bb7 26. Nxe6+ fxe6 27. Rxd8 Qc6 28. Rd7+ Kg8 29. Rxb7 Qxb7 30. Qd4 Qf7 31. Re1 Rf8 32. Qe5 Re8 33. Rd1 Nd5 34. Ne4 Rf8 35. b3 Qf5 36. Qxf5 exf5 37. Rxd5 fxe4 38. Rc5 Rf6 39. Kf1 e3 40. f3 Rd6 41. Ke2 Rd2+ 42. Kxe3 Rxg2 43. Rc6 Kg7 44. Kf4 h5 45. h4 Rh2 46. Kg3 Rd2 47. b4 Kf7 48. Kf4 Rd4+ 49. Kg5 Rd5+ 50. Kh6 Rf5 51. Rxg6 Rxf3 52. Rxa6 Rf6+ 53. Rxf6+ Kxf6 54. Kxh5 Kf5 55. Kh6 Kf6 56. h5 Ke5 57. Kg5 Kd5 58. h6 Kc4 59. h7 Kc3 60. h8=Q+ Kxc2 61. Qe5 Kb3 62. Qxb5 Kxa3 63. Qc5 1-0


[Site "https://www.chess.com"]

[Event "Titled Tuesday Blitz December 13 Late 2022"]
[White "O`Gorman, Tom"]
[Black "Tang, Andrew"]
[WhiteFideId "2508249"]
[BlackFideId "2059630"]
[WhiteElo "2271"]
[BlackElo "2582"]
[Result "0-1"]
[Round "02"]
[TimeControl "180+1"]
[Date "2022.12.13"]
[WhiteClock "0:01:38"]
[BlackClock "0:01:53"]

1. d4 d5 2. c4 e6 3. Nc3 Be7 4. cxd5 exd5 5. Bf4 c6 6. e3 Bf5 7. g4 Be6 8. h4 Nd7 9. Bd3 Bxh4 10. Qb3 g5 11. Bh2 Qf6 12. Qc2 Bxg4 13. a4 Ne7 14. b4 Ng6 15. b5 O-O 16. Rb1 Rfe8 17. Kf1 Rxe3 0-1


[Site "https://www.chess.com"]

[Event "Titled Tuesday Blitz December 13 Late 2022"]
[White "Omelja, Artem"]
[Black "Yuan, Qingyu"]
[WhiteFideId "14119846"]
[BlackFideId "8609772"]
[WhiteElo "2533"]
[BlackElo "2789"]
[Result "1-0"]
[Round "02"]
[TimeControl "180+1"]
[Date "2022.12.14"]
[WhiteClock "0:00:05"]
[BlackClock "0:00:03"]

1. c4 Nf6 2. g3 e6 3. Bg2 d5 4. Nf3 dxc4 5. Qa4+ Nbd7 6. Qxc4 c5 7. Qc2 a6 8. O-O b5 9. Ne5 Nd5 10. Nxd7 Bxd7 11. b3 Be7 12. Bb2 O-O 13. Nc3 Bc6 14. Ne4 Rc8 15. a3 Bb7 16. Rac1 Qb6 17. Qb1 Rfd8 18. Qa1 f6 19. d3 e5 20. Rc2 Nc7 21. Rfc1 Ne6 22. Bh3 Bd5 23. b4 c4 24. Nc3 Ba8 25. dxc4 Rxc4 26. e4 Nd4 27. Qa2 Nxc2 28. Rxc2 Kh8 29. Bf1 Rc7 30. Re2 h6 31. Nd5 Bxd5 32. exd5 Rdc8 33. Qb3 Bd6 34. Bh3 Rd8 35. Be6 Rc4 36. Qd3 Qc7 37. Qg6 Rc1+ 38. Bxc1 Qxc1+ 39. Kg2 Qg5 40. Qf7 Bf8 41. Rc2 Bd6 42. Rc6 h5 43. Rxd6 Rxd6 44. Qf8+ Kh7 45. Qxd6 Qg6 46. Bh3 Qe4+ 47. Kg1 Qd3 48. Bf1 Qxa3 49. Qc5 a5 50. d6 axb4 51. d7 Qa8 52. Qc8 Qe4 53. d8=Q f5 54. Qh8+ Kg6 55. Qce8+ Kg5 56. Qxg7# 1-0


[Site "https://www.chess.com"]

[Event "Titled Tuesday Blitz December 13 Late 2022"]
[White "Osmonbekov, Talaibek"]
[Black "Jimenez Almeida, Luis David"]
[WhiteFideId "2017253"]
[BlackFideId "22242244"]
[WhiteElo "2135"]
[BlackElo "2158"]
[Result "0-1"]
[Round "02"]
[TimeControl "180+1"]
[Date "2022.12.14"]
[WhiteClock "0:00:12"]
[BlackClock "0:00:15"]

1. d4 g6 2. Bf4 Bg7 3. Nc3 d5 4. e3 Nf6 5. h4 h5 6. Nf3 a6 7. Ne5 b5 8. f3 Bb7 9. Bd3 Nbd7 10. Qd2 Nb6 11. Nxg6 fxg6 12. Bxg6+ Kf8 13. O-O-O b4 14. Ne2 a5 15. Ng3 Nc4 16. Qf2 a4 17. e4 Bh6 18. Bg5 Bxg5+ 19. hxg5 Ng8 20. Nxh5 Qd6 21. e5 Qxg6 22. Nf4 Qf5 23. Ne6+ Qxe6 24. Rxh8 b3 25. a3 Qf5 26. Rd3 bxc2 27. Qxc2 Qxg5+ 28. f4 Qg7 29. Rdh3 Bc6 30. Qf5+ Qf7 31. Qg5 Qg7 32. Qf5+ Ke8 33. R3h7 Qxg2 34. Qf7+ Kd7 35. Qf5+ Kd8 36. Qf8+ Kd7 37. Qf5+ Kd8 38. Rxg8+ Qxg8 39. Qh3 Qg1+ 40. Kc2 Qf2+ 41. Kd3 Qd2# 0-1


[Site "https://www.chess.com"]